 Dungeon Crawl Stone Soup version 0.23.2-1-ga50397a6bc (webtiles) character file.

Game seed: 9095490660531185186

1358 Banto the Basher (level 8, -15/59 HPs)
             Began as a Demigod Wanderer on Apr 17, 2019.
             Demolished by an ogre
             ... wielding a +0 giant club
              (17 damage)
             ... on level 6 of the Dungeon.
             The game lasted 00:08:40 (6768 turns).

Banto the Basher (Demigod Wanderer)                 Turns: 6768, Time: 00:08:41

Health: -15/59     AC:  5    Str: 16    XL:     8   Next: 15%
Magic:  0/12       EV: 11    Int: 16    God:
Gold:   211        SH:  5    Dex: 18    Spells: 8/9 levels left

rFire    . . .     SeeInvis +   z - +0 morningstar
rCold    . . .     Gourm    .   d - +0 buckler
rNeg     . . .     Faith    .   l - +0 leather armour
rPois    .         Spirit   +   (no helmet)
rElec    .         Reflect  .   q - +1 cloak
rCorr    .         Harm     .   (no gloves)
MR       +....                  (no boots)
Stlth    +.........             w - amulet of guardian spirit
HPRegen  0.19/turn              a - ring of see invisible
MPRegen  0.13/turn              o - ring of protection from magic

@: starving
A: high mp 1
a: no special abilities


You were on level 6 of the Dungeon.
You were starving.

You visited 1 branch of the dungeon, and saw 6 of its levels.
You also visited: Sewer.

You collected 211 gold pieces.

Inventory:

Hand Weapons
 z - a +0 morningstar (weapon)
Missiles
 b - 166 stones (quivered)
Armour
 d - a +0 buckler (worn)
 l - a +0 leather armour (worn)
 q - a +1 cloak (worn)
Jewellery
 a - a ring of see invisible (left hand)
 h - a +5 ring of strength {unknown}
 o - a ring of protection from magic (right hand)
 w - an amulet of guardian spirit (around neck)
Wands
 n - a wand of disintegration (8)
 u - a wand of flame (22)
Scrolls
 c - 4 scrolls of teleportation
 g - 6 scrolls of identify
 i - a scroll of magic mapping
 j - 3 scrolls of remove curse
 t - a scroll of enchant armour
 x - a scroll of enchant weapon
Potions
 k - 3 potions of curing
 m - 5 potions of heal wounds
 p - a potion of might
 r - a potion of brilliance {unknown}
 v - 3 potions of flight
Miscellaneous
 e - a lamp of fire
Comestibles
 f - 10 rations


   Skills:
 - Level 1.3 Fighting
 + Level 8.2 Maces & Flails
   Level 1.0 Crossbows
 - Level 1.0 Armour
 - Level 4.0 Shields
 - Level 1.0 Spellcasting
 - Level 3.6 Earth Magic
 - Level 2.0 Evocations


You had 8 spell levels left.
You knew the following spells:

 Your Spells              Type           Power        Failure   Level  Hunger
a - Sandblast             Erth           ##....       6%          1    ##.....

Your spell library contained the following spells:

 Spells                   Type           Power        Failure   Level  Hunger
 Beastly Appendage        Tmut           #.....       28%         1    ##.....
 Stone Arrow              Conj/Erth      #.....       38%         3    ####...
 Ignite Poison            Fire/Tmut/Pois #.......     63%         3    ####...


Dungeon Overview and Level Annotations

Branches:
Dungeon (6/15)             Temple (0/1) D:4


Innate Abilities, Weirdness & Mutations

You have an increased reservoir of magic. (+10% MP)


Message History

You hit the ogre but do no damage. The ogre hits you with a +0 giant club!
* * * LOW HITPOINT WARNING * * *
You barely miss the ogre. You hit the ogre.
The ogre is lightly wounded.
The ogre hits you with a +0 giant club!
* * * LOW HITPOINT WARNING * * *
You sock the ogre!
The ogre is severely wounded.
The ogre closely misses you.
You hit the ogre but do no damage.
The ogre is severely wounded.
The ogre closely misses you.
You puncture the ogre!
The ogre is almost dead.
The ogre closely misses you.
You barely miss the ogre.
The ogre is almost dead.
The ogre hits you with a +0 giant club!!
You die...

*,,,,,,,* *,,,,,,,*
*####*,,,,,,,*
*...#*,,,,,,,*
##*##...#*,,,,,,,****
#>,.....++,,,,,,,+,,,
****##.##....#*,,,,,,,**,,
*,,,,...#O...#*,,,,,,,**,,
*,####..#@...#*,,,,,,,**,,
*,#.....#....#*,,,,,,,**,,
*,*,#...#.#####...,,,,****
*,*,#.............,,,,,,,,
#,#.#.#.#.########********
#.#.....#.# ********###
#.#####.#.# *,,,,,,,...
####.........# *,,,,,,,...
#........#.### *,,,,,,,...


You could see an ogre.

Vanquished Creatures
  2 necrophages
  3 ogres
  A big kobold (Sewer)
  A bullfrog (D:6)
  A scorpion (D:6)
  2 crimson imps (D:6)
  2 bullfrog zombies (D:6)
  2 hounds (D:5)
  3 orc priests (D:5)
  A centaur skeleton (D:6)
  An orc wizard (D:5)
  2 worker ants (D:5)
  A killer bee zombie (D:6)
  A howler monkey zombie (D:5)
  9 gnolls
  7 adders
  2 shadow imps
  An ooze (D:1)
  An adder zombie (D:4)
  3 adder skeletons
  2 worms (D:2)
  3 dart slugs
  A leopard gecko (D:4)
  21 orcs
  A ball python (D:4)
  12 bats
  6 giant cockroaches
  9 goblins
  9 hobgoblins
  2 jackals (Sewer)
  4 quokkas
  10 frilled lizards
  15 kobolds
  2 leopard gecko skeletons (D:4)
  A quokka zombie (D:6)
  12 rats
156 creatures vanquished.

Notes
Turn   | Place    | Note
-------+----------+-------------------------------------------
     0 | D:1      | Banto the Demigod Wanderer began the quest for the Orb.
     0 | D:1      | Banto set off with the following items: a +0 dagger, a +0
                  | robe, a lamp of fire, a ration; and the following spells
                  | available to memorise: Sandblast, Beastly Appendage, Stone
                  | Arrow, Ignite Poison
     0 | D:1      | Reached XP level 1. HP: 16/16 MP: 4/4
    28 | D:1      | Learned a level 1 spell: Sandblast
   301 | D:1      | Reached skill level 1 in Maces & Flails
   301 | D:1      | Reached XP level 2. HP: 23/23 MP: 0/5
   560 | D:1      | Reached skill level 2 in Maces & Flails
   886 | D:1      | Reached XP level 3. HP: 6/28 MP: 3/6
  1483 | D:2      | Reached skill level 3 in Maces & Flails
  1722 | D:2      | Reached XP level 4. HP: 30/35 MP: 5/8
  2435 | D:3      | Reached skill level 4 in Maces & Flails
  2680 | D:3      | Found a basalt altar of Yredelemnul.
  2855 | D:3      | Found a glowing silver altar of Zin.
  2925 | D:3      | Reached XP level 5. HP: 40/40 MP: 9/9
  3043 | D:4      | Found a staircase to the Ecumenical Temple.
  3064 | D:4      | Noticed an ogre
  3070 | D:4      | Killed an ogre
  3070 | D:4      | Reached skill level 1 in Shields
  3120 | D:4      | Found a glowing golden altar of the Shining One.
  3223 | D:4      | Noticed an ogre
  3231 | D:4      | Killed an ogre
  3231 | D:4      | Reached skill level 5 in Maces & Flails
  3231 | D:4      | Reached XP level 6. HP: 19/47 MP: 4/10
  3273 | D:4      | Found a glowing drain.
  3399 | Sewer    | Entered a sewer
  3671 | Sewer    | Found a white marble altar of Elyvilon.
  4030 | D:5      | Entered Level 5 of the Dungeon
  4422 | D:5      | Found an ancient bone altar of Kikubaaqudgha.
  4445 | D:5      | Reached XP level 7. HP: 34/52 MP: 4/11
  4954 | D:5      | Reached skill level 6 in Maces & Flails
  5638 | D:6      | Reached skill level 7 in Maces & Flails
  5965 | D:6      | Reached XP level 8. HP: 5/57 MP: 0/12
  5977 | D:6      | HP: 1/57 [worker ant (4)]
  6601 | D:6      | Reached skill level 8 in Maces & Flails
  6764 | D:6      | HP: 1/59 [ogre/+0 giant club (13)]
  6768 | D:6      | Demolished by an ogre

Skill      XL: |  1  2  3  4  5  6  7  8 |
---------------+-------------------------+-----
Evocations     | 2 |  2.0
Maces & Flails | 1 2 3 4 5 7 8 |  8.2
Shields        | 2 3 4 |  4.0
Fighting       | |  1.3
Crossbows      | |  1.0
Armour         | |  1.0
Spellcasting   | |  1.0
Earth Magic    | |  3.6

Action                   |  1- 3 |  4- 6 |  7- 9 || total
-------------------------+-------+-------+-------++-------
Melee: Dagger            |    10 |       |       ||    10
       Mace              |    76 |   180 |    50 ||   306
       Morningstar       |       |       |   111 ||   111
 Cast: Sandblast         |    30 |    69 |    45 ||   144
  Use: Scroll            |     5 |     6 |     5 ||    16
       Potion            |       |       |     2 ||     2
 Stab: Sleeping          |     2 |     3 |       ||     5
  Eat: Chunk             |     4 |    11 |     7 ||    22
Armor: Robe              |    12 |       |       ||    12
       Leather armour    |    23 |    70 |    42 ||   135
Dodge: Dodged            |    66 |   108 |    98 ||   272
Block: Buckler           |       |    40 |    52 ||    92
